 Dungeon Crawl Stone Soup version 0.19.4-10-g532645f (webtiles) character file.

56 tof the Vexing (level 3, -2/19 HPs)
             Began as a Deep Elf Enchanter on Feb 24, 2017.
             Slain by a goblin
             ... wielding a +0 dagger
             ... led by Robin
              (6 damage)
             ... on level 2 of the Dungeon.
             The game lasted 00:07:40 (1778 turns).

tof the Vexing (Deep Elf Enchanter)                 Turns: 1778, Time: 00:07:41

Health: -2/19      AC:  3    Str:  5    XL:     3   Next: 69%
Magic:  4/10       EV: 13    Int: 20    God:
Gold:   24         SH:  0    Dex: 15    Spells: 3 memorised, 3 levels left

rFire  . . .     SeeInvis .     a - +2 dagger
rCold  . . .     Gourm    .     b - +1 robe
rNeg   . . .     Faith    .     (no shield)
rPois  .         Spirit   .     (no helmet)
rElec  .         Reflect  .     (no cloak)
rCorr  .         Harm     .     (no gloves)
MR     .....                    (no boots)
Stlth  +++.......               (no amulet)
                                (no ring)
                                k - ring of wizardry

@: no status effects
A: no striking features
a: no special abilities


You were on level 2 of the Dungeon.
You were not hungry.

You visited 1 branch of the dungeon, and saw 2 of its levels.

You collected 24 gold pieces.

Inventory:

Hand Weapons
 a - a +2 dagger (weapon)
Armour
 b - a +1 robe (worn)
Jewellery
 k - a ring of wizardry (left hand)
Scrolls
 i - 2 scrolls of random uselessness
Potions
 f - a potion of resistance {unknown}
 h - a potion of berserk rage {unknown}
 j - a potion of mutation {unknown}
 m - a potion of magic {unknown}
 o - a potion of might {unknown}
Books
 c - a book of Maledictions

   Spells                             Type                      Level
   a - Corona                         Hexes                        1
   b - Ensorcelled Hibernation        Hexes/Ice                    2
   c - Confuse                        Hexes                        3
   d - Tukima's Dance                 Hexes                        3
   e - Dazzling Spray                 Conjuration/Hexes            3
Comestibles
 d - a bread ration
 l - 4 fruits
 p - a beef jerky
 r - a chunk of flesh


   Skills:
 + Level 0.1 Fighting
 + Level 1.5 Short Blades
 + Level 2.4 Dodging
 + Level 4.1 Stealth
 + Level 3.5 Spellcasting
 + Level 5.0 Hexes
 + Level 0.9 Ice Magic


You had 3 spell levels left.
You knew the following spells:

 Your Spells              Type           Power        Failure   Level  Hunger
a - Corona                Hex            ###....      1%          1    None
b - Ensorcelled Hibernat  Hex/Ice        ###...       4%          2    ##.....
c - Tukima's Dance        Hex            ###.....     3%          3    ###....


Dungeon Overview and Level Annotations

Branches:
Dungeon (2/15)

Altars:

Annotations:
D:2 Robin


Message History

You kill the goblin!
The goblin closely misses you.
A goblin comes into view.
You barely miss Robin. Robin closely misses you.
You hit Robin.
Robin is lightly wounded.
The goblin misses you. Robin hits you with a mace!
* * * LOW HITPOINT WARNING * * *
A goblin comes into view.
Robin hits you but does no damage.
You see here a rat corpse.
Casting: Ensorcelled Hibernation
Confirm with . or Enter, or press ? or * to list all spells.
Aiming: Tukima's Dance
Press: ? - help, Shift-Dir - straight line, f - goblin
Aim: a goblin, wielding a club (unusually strong, chance to defeat MR: 78%)
The club dances into the air!
Robin throws the goblin at you!
* * * LOW HITPOINT WARNING * * *
The goblin closely misses you. The goblin hits you with a dagger.
You die...

#.# g# #.# #.#
.# #.# #.# g#
#.# #.#
###.### #.###
#.# #.....#
#.... #.#
#.g..?# #####
#[# ###.)...#
#.####.†.....#
#..g@gg..†...#
######g(.#.###
##.##.# #.# #
#.# ... ...
#>..#


You could see Robin, a hobgoblin, 3 goblins and a friendly club.

Vanquished Creatures
  2 adders (D:2)
  3 dart slugs
  A leopard gecko (D:1)
  3 bats (D:1)
  3 giant cockroaches
  4 hobgoblins (D:1)
  2 frilled lizards (D:2)
  5 goblins
  4 kobolds
  4 rats
31 creatures vanquished.

Vanquished Creatures (collateral kills)
  A kobold (D:2)
1 creature vanquished.

Vanquished Creatures (others)
  A dancing weapon (D:2)
1 creature vanquished.

Grand Total: 33 creatures vanquished

Notes
Turn   | Place    | Note
-------+----------+-------------------------------------------
     0 | D:1      | tof the Deep Elf Enchanter began the quest for the Orb.
     0 | D:1      | Reached XP level 1. HP: 10/10 MP: 6/6
   392 | D:1      | Reached XP level 2. HP: 15/15 MP: 6/8
   396 | D:1      | Learned a level 2 spell: Ensorcelled Hibernation
  1079 | D:2      | Reached XP level 3. HP: 19/19 MP: 9/9
  1087 | D:2      | Learned a level 3 spell: Tukima's Dance
  1626 | D:2      | Reached skill level 5 in Hexes
  1765 | D:2      | Noticed Robin
  1778 | D:2      | Slain by a goblin

Skill      XL: |  1  2  3 |
---------------+----------+-----
Stealth        | 4 |  4.1
Hexes          | 5 |  5.0
Fighting       | |  0.1
Short Blades   | |  1.5
Dodging        | |  2.4
Spellcasting   | |  3.5
Ice Magic      | |  0.9

Action                   || total
-------------------------++-------
Melee: Dagger            ||    81
 Cast: Corona            ||     5
       Ensorcelled Hiber ||    24
       Tukima's Dance    ||     4
  Use: Scroll            ||     3
 Stab: Sleeping          ||    17
       Distracted        ||     1
  Eat: Chunk             ||     4
Armor: Robe              ||    18
Dodge: Dodged            ||    52
